 Dungeon Crawl Stone Soup version 0.30-a0-738-g116ff8c4af (webtiles) character file.

Game seed: 12856378543570447431

562 kiwi3s the Chopper (level 7, -1/63 HPs)
             Began as a Minotaur Berserker on Feb 3, 2023.
             Was a Believer of Trog.
             Slain by an ogre
             ... wielding a +0 giant spiked club
              (30 damage)
             ... on level 5 of the Dungeon.
             The game lasted 00:02:53 (3925 turns).

kiwi3s the Chopper (Minotaur Berserker)             Turns: 3925, Time: 00:02:54

Health: -1/63      AC:  9    Str: 23    XL:     7   Next: 10%
Magic:  6/6        EV: 11    Int:  4    God:    Trog [**....]
Gold:   287        SH:  0    Dex: 10    Spells: 6/6 levels left

rFire   . . .      SeeInvis .    a - +0 hand axe
rCold   . . .      Faith    .    (no shield)
rNeg    . . .      Spirit   .    s - +0 scale mail
rPois   .          Reflect  .    (helmet restricted)
rElec   .          Harm     .    h - +0 cloak
rCorr   .          Rampage  .    r - +0 pair of gloves
Will    .....                    (no boots) Stlth
                                 (no amulet)
HPRegen 0.30/turn                (no ring)
MPRegen 0.10/turn                (no ring)

@: no status effects
A: horns 2, retaliatory headbutt
a: Renounce Religion, Berserk, Trog's Hand


You were on level 5 of the Dungeon.
You worshipped Trog.
Trog was pleased with you.
You visited 1 branch of the dungeon, and saw 5 of its levels.

You collected 287 gold pieces.

Inventory:

Hand Weapons
 a - a +0 hand axe (weapon)
Armour
 b - a +0 animal skin
 h - a +0 cloak (worn)
 r - a +0 pair of gloves (worn)
 s - a +0 scale mail (worn)
Jewellery
 p - a ring of fire
Wands
 l - a wand of polymorph (9)
Scrolls
 d - 3 scrolls of identify {unknown}
 e - 2 scrolls of teleportation {unknown}
 g - 2 scrolls of poison {unknown}
 i - 2 scrolls of amnesia {unknown}
 j - a scroll of fog {unknown}
 k - a scroll of enchant armour {unknown}
 n - 3 scrolls of silence {unknown}
 o - a scroll of fear {unknown}
 q - 2 scrolls of blinking {unknown}
Potions
 c - 6 potions of curing {unknown}
 f - 2 potions of brilliance {unknown}
 m - a potion of resistance {unknown}


   Skills:
 + Level 6.1 Fighting
 + Level 7.0 Axes
 + Level 2.8 Armour
 + Level 4.4 Dodging
 - Level 0.4 Stealth


You had 6 spell levels left.
You didn't know any spells.
Your spell library was empty.

Dungeon Overview and Level Annotations

Branches:
Dungeon (5/15)
 Temple: D:4-7

Altars:
Xom


Innate Abilities, Weirdness & Mutations

You have a pair of horns on your head.
You reflexively headbutt those who attack you in melee.


Message History

Key pressed, stopping explore.
No target in view!
Found a ring mail.
No target in view!
You now have 287 gold pieces (gained 11).
Found 5 stones.
No target in view!
f - 2 silvery potions (gained 1)
An ogre comes into view. It is wielding a +0 giant spiked club.
The ogre shouts!
An ogre is nearby!
An ogre is nearby!
The ogre barely misses you.
An ogre is nearby!
You slash the ogre! Your headbutt misses the ogre.
The ogre is moderately wounded.
An ogre is nearby!
You hit the ogre.
The ogre is moderately wounded.
The ogre barely misses you.
An ogre is nearby!
You hit the ogre. Your headbutt misses the ogre.
The ogre is heavily wounded.
The ogre closely misses you.
You barely miss the ogre.
The ogre is heavily wounded.
You completely miss the ogre.
The ogre is heavily wounded.
The ogre hits you with a +0 giant spiked club!!
Ouch! That really hurt!
You are too injured to fight recklessly!
You are too injured to fight recklessly!
You are too injured to fight recklessly!
You are too injured to fight recklessly!
You hit the ogre.
The ogre is severely wounded.
You hit the ogre.
The ogre is almost dead.
The ogre hits you with a +0 giant spiked club!!
You die...

#### ...# ############
...# ##......!...##
...######............##
.....[................#
................@.....#
.................O..^.#
..............(.......#
###...................#
#..................##
#.................##
########.########## #.#
..


You could see an ogre.

Vanquished Creatures
  Grinder (D:4)
  A black bear (D:4)
  2 scorpions (D:5)
  A hound (D:5)
  9 adders
  3 dart slugs (D:1)
  2 orcs (D:4)
  6 endoplasms
  4 giant cockroaches
  5 goblins
  3 hobgoblins
  2 quokkas (D:2)
  6 ball pythons
  5 bats
  3 frilled lizards
  9 kobolds
  4 rats
66 creatures vanquished.

Vanquished Creatures (others)
  4 toadstools (D:2)
4 creatures vanquished.

Grand Total: 70 creatures vanquished

Notes
Turn   | Place    | Note
-------+----------+-------------------------------------------
     0 | D:1      | kiwi3s the Minotaur Berserker began the quest for the Orb.
     0 | D:1      | Reached XP level 1. HP: 19/19 MP: 0/0
   228 | D:1      | Reached XP level 2. HP: 26/27 MP: 1/1
   230 | D:1      | Reached skill level 4 in Axes
   946 | D:2      | Reached XP level 3. HP: 26/34 MP: 2/2
  1387 | D:2      | Found a shimmering altar of Xom.
  1516 | D:2      | Reached ** piety under Trog
  1536 | D:2      | Reached XP level 4. HP: 41/41 MP: 3/3
  2833 | D:4      | Noticed a black bear
  2840 | D:4      | Killed a black bear
  2841 | D:4      | Reached skill level 5 in Fighting
  2841 | D:4      | Reached skill level 5 in Axes
  2841 | D:4      | Reached XP level 5. HP: 48/48 MP: 4/4
  2954 | D:4      | Noticed Grinder
  2961 | D:4      | Paralysed by Grinder for 4 turns
  2970 | D:4      | Killed Grinder
  2971 | D:4      | Reached skill level 6 in Axes
  2971 | D:4      | Reached XP level 6. HP: 11/57 MP: 5/5
  3707 | D:5      | Entered Level 5 of the Dungeon
  3765 | D:5      | Reached skill level 7 in Axes
  3765 | D:5      | Reached XP level 7. HP: 33/63 MP: 6/6
  3925 | D:5      | Slain by an ogre

Illustrated notes

Levels and vault maps discovered:
D:1:      onia_arrival_pentagram, layout_loops_corners
D:2:      layout_loops_ring, basic_altar, minmay_gold_behind_fungi,
          chequers_garden, st_stairs_11
D:3:      layout_basic
D:4:      layout_basic, uniq_grinder
D:5:      layout_rooms, minmay_temple_entry_wispy

Skill      XL: |  1  2  3  4  5  6 |
---------------+-------------------+-----
Axes           | 4 5 6 7 |  7.0
Fighting       | 4 5 6 |  6.1
Dodging        | 3 4 |  4.4
Armour         | |  2.8
Stealth        | |  0.4

Action                     |  1- 3 |  4- 6 |  7- 9 || total
---------------------------+-------+-------+-------++-------
  Melee: Hand axe          |    78 |    96 |     7 ||   181
         Headbutt          |    10 |    12 |       ||    22
 Invoke: Berserk           |       |     2 |       ||     2
    Use: Potion            |     1 |       |       ||     1
   Stab: Sleeping          |     2 |     1 |       ||     3
 Armour: Animal skin       |    21 |    22 |       ||    43
         Scale mail        |       |     7 |       ||     7
  Dodge: Dodged            |    42 |    60 |     3 ||   105

Table legend: (Time is in decaauts)
 A = Elapsed time spent in this place.
 B = Non-inter-level travel time spent in this place.
 C = Inter-level travel time spent in this place.
 D = Time resting spent in this place.
 E = Time spent auto-exploring this place.
 F = Levels seen in this place.
 G = Mean time per level.
                   A        B        C        D        E       F      G
               +--------+--------+--------+--------+--------+-----+--------+
         Total |   3958 |   3624 |    334 |    300 |   2879 |   5 |  791.6 |
       Dungeon |   3958 |   3624 |    334 |    300 |   2879 |   5 |  791.6 |
               +--------+--------+--------+--------+--------+-----+--------+

Top non-repeatable levels by time:
     D:2: 991 daAuts
     D:3: 931 daAuts
     D:1: 916 daAuts
     D:4: 902 daAuts
     D:5: 216 daAuts
